 Dungeon Crawl Stone Soup version 0.21.1-1-g345015f (webtiles) character file.

141 MrLeft the Cudgeler (level 5, 0/46 HPs)
             Began as a Draconian Berserker on June 4, 2018.
             Was a Believer of Trog.
             Slain by Exporg's ghost (7 damage)
             ... on level 4 of the Dungeon.
             The game lasted 00:16:54 (2833 turns).

MrLeft the Cudgeler (Draconian Berserker)           Turns: 2833, Time: 00:16:55

Health: 0/46       AC:  7    Str: 20    XL:     5   Next: 3%
Magic:  5/5        EV: 13    Int:  7    God:    Trog [**....]
Gold:   94         SH:  0    Dex: 11    Spells: 4/4 levels left

rFire    . . .     SeeInvis .   s - +0 hand axe (elec)
rCold    . . .     Gourm    .   (no shield)
rNeg     . . .     Faith    .   (armour unavailable)
rPois    .         Spirit   .   (helmet restricted)
rElec    .         Reflect  .   (no cloak)
rCorr    .         Harm     .   e - +1 pair of gloves
MR       .....                  (no boots)
Stlth    +++.......             (no amulet)
HPRegen  0.15/turn              k - ring of stealth
MPRegen  0.09/turn              (no ring)

@: no status effects
A: unfitting armour, cold-blooded, AC +5
a: Berserk, Trog's Hand, Burn Spellbooks, Renounce Religion


You were on level 4 of the Dungeon.
You worshipped Trog.
Trog was pleased with you.
You were not hungry.

You visited 1 branch of the dungeon, and saw 4 of its levels.

You collected 94 gold pieces.

Inventory:

Hand Weapons
 q - a +0 dagger of electrocution
 s - a +0 hand axe of electrocution (weapon)
Missiles
 f - 16 poisoned needles
 h - 5 needles of sleeping
 i - 9 arrows
Armour
 e - a +1 pair of gloves (worn)
 m - a +0 pair of gloves
Jewellery
 k - a ring of stealth (left hand)
Wands
 a - a wand of flame (12)
 g - a wand of clouds (4)
Scrolls
 c - 2 scrolls of identify
 d - 2 scrolls of remove curse
 j - a scroll of enchant armour
 p - a scroll of fear
 t - a scroll of teleportation
Potions
 l - a potion of agility
Comestibles
 b - 8 rations


   Skills:
 + Level 3.8 Fighting
 + Level 0.2 Short Blades
 + Level 0.8(2.6) Axes
   Level 4.0 Maces & Flails
 + Level 3.7 Dodging
 + Level 1.6 Stealth


You had 4 spell levels left.
You didn't know any spells.

Dungeon Overview and Level Annotations

Branches:
Dungeon (4/15)
 Temple: D:4-7

Altars:
Sif Muna
The Shining One

Annotations:
D:4 Exporg's ghost, novice FoFi


Innate Abilities, Weirdness & Mutations

Your plain brown scales are hard. (AC +5)
You cannot fit into any form of body armour.
You are cold-blooded and may be slowed by cold attacks.


Message History

You hit Exporg's ghost but do no damage.
Exporg's ghost is lightly damaged.
Exporg's ghost closely misses you.
You hit Exporg's ghost.
Lightning courses through Exporg's ghost!
Exporg's ghost is heavily damaged.
Exporg's ghost hits you!
You hit Exporg's ghost but do no damage.
Exporg's ghost is heavily damaged.
Exporg's ghost hits you! Exporg's ghost hits you.
You hit Exporg's ghost.
Lightning courses through Exporg's ghost!
You tail-slap Exporg's ghost, but do no damage.
Exporg's ghost is almost destroyed.
Exporg's ghost hits you!
* * * LOW HITPOINT WARNING * * *
You hit Exporg's ghost but do no damage.
Exporg's ghost is almost destroyed.
Exporg's ghost hits you!
You die...

#........####...
#...............
#.......<.# .#
#.........###.#
#...#.........# #
####..........### ##.#
#.####........ ....#
##.####....####.?.###
..........@W.ยงยง...[..
##.##.......###......
#..+.......# ..... .#
#.......# #...
#.......# .. #......<#
# #.......# #.......#
####....#


You could see Exporg's ghost.

Vanquished Creatures
  A hound skeleton (D:2)
  Robin (D:3)
  3 adders (D:3)
  An ooze (D:1)
  A worm (D:4)
  3 dart slugs
  5 leopard geckos
  2 orcs (D:3)
  A giant cockroach (D:1)
  13 goblins
  13 hobgoblins
  3 jackals (D:3)
  A ball python (D:2)
  7 bats
  5 frilled lizards
  3 kobolds
  7 rats
70 creatures vanquished.

Notes
Turn   | Place    | Note
-------+----------+-------------------------------------------
     0 | D:1      | MrLeft the Draconian Berserker began the quest for the Orb.
     0 | D:1      | Reached XP level 1. HP: 19/19 MP: 1/1
    47 | D:1      | Reached XP level 2. HP: 26/26 MP: 2/2
  1165 | D:2      | Reached XP level 3. HP: 31/31 MP: 3/3
  1371 | D:2      | Reached ** piety under Trog
  1685 | D:2      | Found a glowing golden altar of the Shining One.
  2054 | D:3      | Reached XP level 4. HP: 37/40 MP: 4/4
  2112 | D:3      | Reached skill level 1 in Stealth
  2122 | D:3      | Reached skill level 4 in Maces & Flails
  2429 | D:3      | Noticed Robin
  2438 | D:3      | Killed Robin
  2636 | D:3      | Reached XP level 5. HP: 41/46 MP: 5/5
  2794 | D:3      | Found a deep blue altar of Sif Muna.
  2821 | D:4      | Noticed Exporg's ghost (novice FoFi)
  2833 | D:4      | Slain by Exporg's ghost

Skill      XL: |  1  2  3  4 |
---------------+-------------+-----
Dodging        | 3 |  3.7
Stealth        | 1 |  1.6
Maces & Flails | 4 |  4.0
Fighting       | |  3.8
Short Blades   | |  0.2
Axes           | |  0.8

Action                   |  1- 3 |  4- 6 || total
-------------------------+-------+-------++-------
Melee: Mace              |   130 |     7 ||   137
       Tailslap          |    11 |     8 ||    19
       Hand axe          |       |    35 ||    35
       Dagger            |       |    16 ||    16
Evoke: Wand              |     1 |     5 ||     6
  Use: Scroll            |     8 |     1 ||     9
       Potion            |     3 |     1 ||     4
 Stab: Sleeping          |     5 |     4 ||     9
  Eat: Ration            |     1 |     1 ||     2
       Chunk             |       |     2 ||     2
Armor: Skin              |    62 |    11 ||    73
Dodge: Dodged            |   117 |    41 ||   158
